 Dungeon Crawl Stone Soup version 0.27-a0-1291-geefcff550b (webtiles) character file.

Game seed: 9353721778941301229

102 pokeman the Magician (level 4, -1/25 HPs)
             Began as a Deep Elf Hedge Wizard on June 15, 2021.
             Slain by Ijyb (4 damage)
             ... on level 3 of the Dungeon.
             The game lasted 00:04:01 (2554 turns).

pokeman the Magician (Deep Elf Hedge Wizard)        Turns: 2554, Time: 00:04:02

Health: -1/25      AC:  2    Str:  7    XL:     4   Next: 49%
Magic:  1/13       EV: 12    Int: 20    God:
Gold:   96         SH:  0    Dex: 14    Spells: 3/14 levels left

rFire    + . .     SeeInvis .   f - staff of fire
rCold    . . .     Faith    .   (no shield)
rNeg     . . .     Spirit   .   b - +0 robe
rPois    .         Reflect  .   c - +0 hat
rElec    .         Harm     .   (no cloak)
rCorr    .         Rampage  .   (no gloves)
Will     .....                  (no boots)
Stlth    ++........             (no amulet)
HPRegen  0.08/turn              (no ring)
MPRegen  0.13/turn              (no ring)

@: no status effects
A: no striking features
a: no special abilities


You were on level 3 of the Dungeon.
You visited 1 branch of the dungeon, and saw 3 of its levels.

You collected 96 gold pieces.

Inventory:

Missiles
 m - 12 bolts
 o - a throwing net
Armour
 b - a +0 robe (worn)
 c - a +0 hat (worn)
 q - a +0 kite shield
 r - a +0 pair of gloves
Magical Staves
 f - a staff of fire (weapon)
 h - a staff of air
Jewellery
 l - a ring of ice
Scrolls
 d - a scroll of amnesia {unknown}
 e - a scroll of fear {unknown}
 g - a scroll of enchant armour {unknown}
 i - a scroll of teleportation {unknown}
 j - a scroll of brand weapon {unknown}
 k - 2 scrolls of immolation {unknown}
 n - 2 scrolls of identify {unknown}
Potions
 a - a potion of brilliance {unknown}
 p - a potion of heal wounds {unknown}


   Skills:
 - Level 1.0 Fighting
 - Level 1.0 Armour
 + Level 2.7 Dodging
 - Level 2.4 Stealth
 * Level 5.8 Spellcasting
 + Level 2.2 Conjurations
 - Level 1.1 Summonings
 - Level 1.1 Translocations
 + Level 0.8 Evocations


You had 3 spell levels left.
You knew the following spells:

 Your Spells              Type           Power      Damage    Failure   Level
a - Magic Dart            Conj           56%        1d5       4%          1
b - Mephitic Cloud        Conj/Pois/Air  8%         N/A       24%         3
c - Call Imp              Summ           10%        N/A       11%         2
d - Blink                 Tloc           N/A        N/A       11%         2
e - Conjure Flame         Conj/Fire      15%        6-21      21%         3

Your spell library contained the following spells:

 Spells                   Type           Power      Damage    Failure   Level
 Slow                     Hex            5%         N/A       16%         2


Dungeon Overview and Level Annotations

Branches:
Dungeon (3/15)

Altars:
Elyvilon

Annotations:
D:3 Ijyb


Message History

Aiming: Magic Dart (safe; 4% risk of failure)
Press: ? - help, Shift-Dir - straight line, f/p - worm
Aim: a worm (almost dead, 100% to hit)
The magic dart hits the worm.
The worm is almost dead.
Casting: Magic Dart (safe; 4% risk of failure)
Confirm with . or Enter, or press ? or * to list all spells.
Aiming: Magic Dart (safe; 4% risk of failure)
Press: ? - help, Shift-Dir - straight line, f/p - worm
Aim: a worm (almost dead, 100% to hit)
You miscast Magic Dart.
Nothing appears to happen.
Casting: Magic Dart (safe; 4% risk of failure)
Confirm with . or Enter, or press ? or * to list all spells.
Aiming: Magic Dart (safe; 4% risk of failure)
Press: ? - help, Shift-Dir - straight line, f/p - worm
Aim: a worm (severely wounded, 100% to hit)
You miscast Magic Dart.
Nothing appears to happen.
Found a white marble altar of Elyvilon.
Ijyb the Twisted Goblin comes into view.
She is wielding a +2 spectral club and carrying a wand of polymorph (5).
Your magical contamination has completely faded away.
You see here a +0 pair of gloves.
r - a +0 pair of gloves
Casting: Magic Dart (safe; 4% risk of failure)
Confirm with . or Enter, or press ? or * to list all spells.
The spell is extremely dangerous to cast (24% risk of failure)!
Continue anyway?
Aiming: Mephitic Cloud (extremely dangerous; 24% risk of failure)
Press: ? - help, Shift-Dir - straight line, f - Ijyb
Aim: Ijyb, wielding a +2 spectral club, wearing a +0 leather armour and carrying a wand of polymorph (5) (wandering, hasn't noticed you, chance to affect: 86%)
The ball explodes into a vile cloud!
The stinking cloud engulfs Ijyb but does no damage.
Ijyb is engulfed in noxious fumes.
Ijyb appears confused.
Unknown command.
Ijyb is engulfed in noxious fumes.
Ijyb appears confused.
There is a fountain of clear blue water here.
Ijyb hits you with a +2 spectral club.
* * * LOW HITPOINT WARNING * * *
You barely miss the worm.
The worm is lightly wounded.
Ijyb hits you with a +2 spectral club.
You die...

...........##.. .
.#.#.#.#.#.##.### # .
...........##....#. .
.⌠.....⌠...##.# #.# .
...._.........# #.### .
.⌠.....⌠...#..###.#.#####.
...........#..##...#.w....
.#.#.#.#.#........###.###.
......°..@w....###.#.## .
########g###.#.# #.# .
...# #)#.# #.# $ .....#
#)#.# # # . #.....# #)#.#
. #.....# #<#.# # .......#
#÷#.. ###..## #.### #.#


You could see Ijyb (confused) and a worm.

Vanquished Creatures
  Terence (D:3)
  3 adders
  A dart slug (D:2)
  4 bats
  6 endoplasms
  6 goblins
  7 hobgoblins
  3 jackals (D:1)
  6 kobolds
  A quokka (D:1)
  3 frilled lizards (D:1)
  4 rats
45 creatures vanquished.

Notes
Turn   | Place    | Note
-------+----------+-------------------------------------------
     0 | D:1      | pokeman the Deep Elf Hedge Wizard began the quest for the
                  | Orb.
     0 | D:1      | Reached XP level 1. HP: 10/10 MP: 7/7
   278 | D:1      | Reached XP level 2. HP: 16/16 MP: 1/9
   841 | D:1      | Reached skill level 5 in Spellcasting
   935 | D:1      | Found a faded altar of an unknown god.
  1300 | D:2      | Reached XP level 3. HP: 20/20 MP: 6/11
  1304 | D:2      | Learned a level 3 spell: Mephitic Cloud
  1307 | D:2      | Learned a level 2 spell: Call Imp
  1310 | D:2      | Learned a level 2 spell: Blink
  1314 | D:2      | Learned a level 3 spell: Conjure Flame
  1719 | D:2      | Reached skill level 1 in Fighting
  1719 | D:2      | Reached skill level 1 in Armour
  2142 | D:3      | Reached XP level 4. HP: 15/25 MP: 3/13
  2405 | D:3      | Noticed Terence
  2415 | D:3      | Killed Terence
  2543 | D:3      | Found a white marble altar of Elyvilon.
  2546 | D:3      | Noticed Ijyb
  2554 | D:3      | Slain by Ijyb

Illustrated notes

Levels and vault maps discovered:
D:1:      minmay_arrival_doors, layout_loops_ring,
          chequers_ecumenical_altar_grove
D:2:      minmay_wonky_spiral, layout_rooms, st_stairs_8, lightli_corner_chamber
D:3:      layout_loops_ring, elyvilon_altar_5,
          worldfamousw_hep_ancestral_shrine, eino_curves_04, uniq_ijyb,
          uniq_terence

Skill      XL: |  1  2  3 |
---------------+----------+-----
Spellcasting   | 5 |  5.8
Fighting       | 1 |  1.0
Armour         | 1 |  1.0
Conjurations   | 2 |  2.2
Dodging        | |  2.7
Stealth        | |  2.4
Summonings     | |  1.1
Translocations | |  1.1
Evocations     | |  0.8

Action                   |  1- 3 |  4- 6 || total
-------------------------+-------+-------++-------
Melee: Staff             |    10 |     2 ||    12
 Cast: Magic Dart        |   105 |    22 ||   127
       Mephitic Cloud    |     1 |     2 ||     3
       Conjure Flame     |       |     1 ||     1
 Stab: Sleeping          |     1 |       ||     1
Armor: Robe              |     6 |       ||     6
Dodge: Dodged            |    19 |     5 ||    24

Table legend: (Time is in decaauts)
 A = Elapsed time spent in this place.
 B = Non-inter-level travel time spent in this place.
 C = Inter-level travel time spent in this place.
 D = Time resting spent in this place.
 E = Time spent auto-exploring this place.
 F = Levels seen in this place.
 G = Mean time per level.
                   A        B        C        D        E       F      G
               +--------+--------+--------+--------+--------+-----+--------+
         Total |   2556 |   2442 |    114 |     57 |   2073 |   3 |  852.0 |
       Dungeon |   2556 |   2442 |    114 |     57 |   2073 |   3 |  852.0 |
               +--------+--------+--------+--------+--------+-----+--------+

Top non-repeatable levels by time:
     D:1: 1214 daAuts
     D:2: 903 daAuts
     D:3: 438 daAuts
